cohdb
Replays
Latest Replays
All Replays
Popular Replays
Top Player Replays
Match Explorer
How It Works
Community
CoH3 Stats
Reddit
Sign in to upload your games and track your stats! →
Sign in with Steam
Match 43248590
Unlisted
Match 43248590
Overview
Messages
Build Orders
End
Kradschützen Motorcycle Team
250 Light Carrier
Selects Panzerjäger Kommand Battlegroup
Panzergrenadier Squad
Panzergrenadier Squad
Construct Light Support Kompanie
Selects Mine Fields
Selects Tank Busters
Panzerjäger Squad
MG34 Team
Fire Support Elements
le.IG 18 Mechanized Group
Panzerjäger Squad
Selects Defensive Positions
Construct Panzerarmee Kommand
Selects Butterfly Bomb Drop
Butterfly Bomb Drop
2.5-tonne Medical Truck
Selects Crew Shock Tactics
Panzer III L Medium Tank
Panzergrenadier Squad
Vehicle Survival Package
Panzer III L Medium Tank
Tungsten Core Ammunition
Selects Anti-tank Overwatch
Moltke1871
1478078796
RushvsCarnage
WITTMANNS TIGER
0
0
Comments
sign in to comment!
No comments posted yet!